[Event "Early-Titled-Tuesday-Blitz-October-24-2023"]
[Site "Chess.com"]
[Date "2023.10.24"]
[Round "5"]
[White "NovozhilovSemen"]
[Black "GHANDEEVAM2003"]
[Result "0-1"]
[WhiteElo "2696"]
[BlackElo "3027"]
[TimeControl "180+1"]
[EndTime "8:55:54 PDT"]
[Termination "GHANDEEVAM2003 won by resignation"]

1. d4 b6 2. e4 Bb7 3. Bd3 g6 4. Nf3 Bg7 5. Nc3 e6 6. Be3 d6 7. O-O a6 8. a4 h6 9. h3 Nd7 10. Qe2 Ne7 11. Rad1 g5 12. Nh2 Ng6 13. g3 h5 14. f4 gxf4 15. gxf4 Qh4 16. Qg2 O-O-O 17. Nf3 Qe7 18. Kh2 Bh6 19. Qd2 Rdg8 20. Rde1 Qf6 21. Ng5 Qg7 22. Rg1 Ndf8 23. d5 Qf6 24. Ref1 e5 25. f5 Nf4 26. Bxf4 exf4 27. Nf3 Rg3 28. Ne2 Nd7 29. Qc3 Qxc3 30. Nxc3 h4 31. Ne2 a5 32.
Nxg3 fxg3+ 33. Kg2 Be3 34. Rh1 Kd8 35. Re1 Bf4 36. Nd4 Be5 37. c3 Ke7 38. Bc2 Ba6 39. Nc6+ Kf6 40. b4 Bxc3 41. b5 Bb7 42. Re3 Be5 43.
Bd3 Nc5 44. Bc2 Bc8 45. Nxe5 Kxe5 46. f6 Rh6 47. Rf1 Bd7 48. Ref3 Bc8 49. Rf4 Nd7 50.
Rf5+ Kd4 51. Rd1+ Kc3 52. Bb1 Ne5 53. Rg5 Rxf6 54. Rf1 Bxh3+ 55. Kxh3 Rxf1 0-1

[Event "Early-Titled-Tuesday-Blitz-October-24-2023"]
[Site "Chess.com"]
[Date "2023.10.24"]
[Round "5"]
[White "MarijaKuznecova"]
[Black "zeebraa"]
[Result "1/2-1/2"]
[WhiteElo "2407"]
[BlackElo "2275"]
[TimeControl "180+1"]
[EndTime "8:55:56 PDT"]
[Termination "Game drawn - insufficient material"]

1. e4 c5 2. Nf3 Nc6 3. d4 cxd4 4. Nxd4 Nf6 5. Nc3 e5 6. Ndb5 d6 7. Bg5 a6 8. Na3 b5 9. Nd5 Be7 10. Bxf6 Bxf6 11. c3 O-O 12. Nc2 Rb8 13. a4 bxa4 14. Ncb4 Nxb4 15. cxb4 a5 16. b5 Bg5 17. Qxa4 f5 18.
Qxa5 fxe4 19. Qxd8 Bxd8 20. Bc4 Be6 21. O-O Bxd5 22.
Bxd5+ Kh8 23. Bc6 Bb6 24. Bxe4 Bd4 25. Bc6 Bxb2 26. Ra7 Bd4 27. Rd7 Bc5 28. g3 Rbd8 29.
Kg2 Rxd7 30. Bxd7 h6 31. f3 Ra8 32. Rc1 Ra2+ 33. Kh3 Rb2 34. Ra1 Kh7 35. Bf5+ g6 36. Bd7 Kg7 37. Ra8 h5 38. Bc6 Bg1 39. g4 hxg4+ 40.
Kxg4 Bxh2 41. Rd8 Rb4+ 42. Kh3 Bf4 43. Rxd6 Kh6 44. Be8 e4 45. Rxg6+ Kh7 46. fxe4 Rxe4 47. Bf7 Re7 48. Rf6 Bg5 49. Rf5 Be3 50. Kg4 Kg7 51. Bd5 Bb6 52. Rf4 Re3 53. Rc4 Rd3 54. Rc6 Rxd5 55. Rxb6 Kf7 56. Kf4 Ke7 57. Ke4 Rh5 58. Rb7+ Kd6 59. Kd4 Rh4+ 60. Kc3 Kc5 61. Kb3 Rh3+ 62. Ka4 Rh1 63. Rc7+ Kb6 64. Rc6+ Kb7 65. Rg6 Ra1+ 66. Kb4 Rb1+ 67. Kc5 Rc1+ 68.
Kd4 Rd1+ 69. Ke5 Re1+ 70. Kd6 Rd1+ 71. Ke7 Rb1 72. Rg5 Kb6 73. Kd6 Rxb5 74. Rxb5+ Kxb5 1/2-1/2

[Event "Early-Titled-Tuesday-Blitz-October-24-2023"]
[Site "Chess.com"]
[Date "2023.10.24"]
[Round "5"]
[White "DopplerCharlotteDeWitte"]
[Black "Fh2411"]
[Result "1-0"]
[WhiteElo "2784"]
[BlackElo "2509"]
[TimeControl "180+1"]
[EndTime "8:55:57 PDT"]
[Termination "DopplerCharlotteDeWitte won on time"]

1. e4 c6 2. d4 d5 3. exd5 cxd5 4. Bd3 Nc6 5. Nf3 Bg4 6. c3 e6 7. Bf4 Nf6 8. Nbd2 Be7 9. O-O Bh5 10. Re1 Bg6 11.
Bxg6 hxg6 12. h3 O-O 13. a4 Rc8 14. g3 Na5 15. Ne5 Nd7 16. h4 Nxe5 17. Bxe5 Nc4 18. Nxc4 dxc4 19. Qf3 Qd7 20. Kg2 Rfd8 21. h5 gxh5 22.
Qxh5 Qd5+ 23. Qf3 Qxf3+ 24. Kxf3 f6 25. Bf4 Kf7 26. g4 Rd5 27. Rh1 a5 28. Ke4 b5 29.
axb5 Rxb5 30. Ra2 Rc6 31. Rha1 Bd8 32. Bc1 f5+ 33. Kf3 fxg4+ 34. Kxg4 Rf5 35. Be3 Bc7 36. Rh1 Bd6 37. Rh8 Bf8 38. Rh5 Kf6 39. Rxa5 g6 40. Bg5+ Kg7 41. Ra7+ Kg8 42. Rh2 Rb6 43. f4 Rf7 44. Rh8+ Kxh8 45. Rxf7 Kg8 46. Rc7 Rxb2 47. Rxc4 Rg2+ 48. Kf3 Rc2 49. Rc8 Kf7 50. Rc7+ Ke8 51. Rc8+ Kf7 52. Ke4 Ba3 53. Kd3 Rc1 54. Rc7+ Kf8 55. f5 Rd1+ 56. Kc2 Rg1 57. Bh6+ Ke8 58. fxe6 Re1 59. d5 Bd6 60. Rd7 1-0

[Event "Early-Titled-Tuesday-Blitz-October-24-2023"]
[Site "Chess.com"]
[Date "2023.10.24"]
[Round "5"]
[White "vaniavindy"]
[Black "ViktoriyaTarasova"]
[Result "0-1"]
[WhiteElo "2174"]
[BlackElo "2380"]
[TimeControl "180+1"]
[EndTime "8:56:00 PDT"]
[Termination "ViktoriyaTarasova won on time"]

1. d4 Nf6 2. c4 e6 3. a3 b6 4. Nc3 Bb7 5. Bg5 d5 6. cxd5 exd5 7. e3 Nbd7 8. Bd3 Be7 9. Nf3 h6 10. Bh4 O-O 11. O-O c5 12. dxc5 bxc5 13. Rc1 Rc8 14. Bb1 Qb6 15. Na4 Qe6 16. Qb3 Ba8 17. Rfd1 Rfd8 18. Bg3 Ne4 19. Bxe4 Qxe4 20. Nc3 Qc4 21. Qxc4 dxc4 22. Nb5 Nb6 23. Nxa7 Rxd1+ 24. Rxd1 Rd8 25. Rxd8+ Bxd8 26. Nb5 Bf6 27. Be5 Be7 28. Nc3 Nd7 29. Bf4 g5 30. Bg3 Bf6 31. Nd2 h5 32. Bc7 Kf8 33.
Nxc4 Ke8 34. Nd6+ Ke7 35. e4 Bd4 36. Kf1 Ne5 37. Nf5+ Ke6 38. Ke2 Bxc3 39. bxc3 Bxe4 40. Ne3 Nc6 41. f3 Bg6 42. c4 Nd4+ 43. Kd2 Kd7 44. Bb6 Kc6 45. Bd8 Ne6 46. Bf6 Kb6 47. Kc3 Ka5 48. Nd5 Ka4 49. Be7 Kxa3 50. Nb6 Ka2 51. Nd7 g4 52. fxg4 hxg4 53. Bxc5 Be4 54. g3 Ng5 55.
Be3 Nf3 56. c5 Nxh2 57. Nf6 Bf3 0-1

[Event "Early-Titled-Tuesday-Blitz-October-24-2023"]
[Site "Chess.com"]
[Date "2023.10.24"]
[Round "5"]
[White "GatoRojo150"]
[Black "Alexchess1984"]
[Result "0-1"]
[WhiteElo "2592"]
[BlackElo "2704"]
[TimeControl "180+1"]
[EndTime "8:56:02 PDT"]
[Termination "Alexchess1984 won on time"]

1. e4 c5 2. Nf3 Nc6 3. Nc3 g6 4. Bc4 Bg7 5. O-O e6 6. d4 Nxd4 7. Nxd4 cxd4 8. Nb5 Qb6 9. c3 a6 10. Nxd4 Nf6 11. Qe2 d6 12. Be3 Qc7 13. Bg5 O-O 14.
Bb3 b5 15. f4 Bb7 16. f5 exf5 17. exf5 Ne4 18. Bh4 Rae8 19. Qg4 d5 20. f6 Bh8 21. Rae1 Qb6 22. Qf3 Nd2 23. Qf4 Nxf1 24. Rxf1 a5 25. a3 Re4 26. Qf2 b4 27. Bc2 bxc3 28. bxc3 Rxh4 29.
Qxh4 Qc5 30. Kh1 Qxc3 31. h3 Ba6 32. Rf3 Qa1+ 33. Kh2 Qb2 34. Rb3 Qc1 35. Nf5 h5 36. Ne7+ Kh7 37. Qxh5+ Qh6 38. Qf3 Bc4 39. Re3 Qg5 40.
Nf5 Bxf6 41. Ng3 Be5 42. Rxe5 Qxe5 43. Qg4 Kg7 44. Kg1 Re8 45. Nf5+ Kg8 46. Nh6+ Kg7 47. Nxf7 Kxf7 48. Bxg6+ Ke7 49. Bxe8 Kxe8 50. Qc8+ Ke7 51. Qb7+ Kf6 52. Qb6+ Kf5 53. Qxa5 Qf4 54. Qd8 Qe3+ 55.
Kh2 d4 56. Qf8+ Ke4 57. Qe7+ Kd3 58. Qh7+ Kc3 59. Qe7 Qxe7 0-1

[Event "Early-Titled-Tuesday-Blitz-October-24-2023"]
[Site "Chess.com"]
[Date "2023.10.24"]
[Round "5"]
[White "Meri-Arabidze"]
[Black "Byniolus"]
[Result "1/2-1/2"]
[WhiteElo "2580"]
[BlackElo "2793"]
[TimeControl "180+1"]
[EndTime "8:56:03 PDT"]
[Termination "Game drawn - insufficient material"]

1. Nf3 d5 2. b3 Nf6 3. Bb2 Bf5 4. c4 c6 5. e3 e6 6. Be2 h6 7. O-O Nbd7 8. Nc3 Bd6 9. Rc1 O-O 10. cxd5 exd5 11.
Nd4 Bh7 12. f4 Nc5 13. f5 Re8 14. Ba3 Qe7 15. Qc2 Rac8 16. Qb1 a6 17. Na4 Nxa4 18. Bxd6 Qxd6 19. bxa4 c5 20. Nf3 Rc7 21. a5 d4 22.
Bc4 dxe3 23. dxe3 Rxe3 24. Rfd1 Qe7 25. Re1 Kf8 26. h3 Qe4 27. Qxe4 Rxe4 28. Rxe4 Nxe4 29. g4 h5 30. Ne5 hxg4 31. hxg4 f6 32. Bd5 fxe5 33.
Bxe4 Bg8 34. g5 Bxa2 35. Kf2 c4 36. Rh1 c3 37. Rh8+ Ke7 38. Rh7 Kd6 39. f6 gxf6 40. Rxc7 Kxc7 41. gxf6 b6 42. Ke3 bxa5 43. Bg6 Bc4 44.
f7 Bxf7 45. Bxf7 Kd6 46. Kd3 Kc5 47. Kxc3 a4 48. Ba2 e4 49. Bb1 e3 50. Kd3 Kb4 51. Kxe3 Kc3 52. Ba2 Kb2 53. Bd5 a3 54. Kd4 a5 55.
Kc5 a4 56. Kb4 a2 57. Bxa2 a3 58. Bc4 a2 59. Bxa2 1/2-1/2

[Event "Early-Titled-Tuesday-Blitz-October-24-2023"]
[Site "Chess.com"]
[Date "2023.10.24"]
[Round "5"]
[White "PenguiinQueen"]
[Black "Taran2004"]
[Result "0-1"]
[WhiteElo "2214"]
[BlackElo "2400"]
[TimeControl "180+1"]
[EndTime "8:56:03 PDT"]
[Termination "Taran2004 won by resignation"]

1. e4 c6 2. d4 d5 3. e5 c5 4. Nf3 c4 5. b3 cxb3 6. axb3 Bf5 7. Bb5+ Nc6 8. O-O e6 9. c4 Bb4 10. Bg5 Ne7 11. Ra4 a5 12. Nbd2 h6 13. Be3 O-O 14. c5 b6 15. cxb6 Qxb6 16. Qe2 Rab8 17. Bd3 Bxd3 18.
Qxd3 Nf5 19. Rc1 Rfc8 20. h3 Na7 21. Raa1 Qb5 22. Qxb5 Nxb5 23. Nf1 Kf8 24. g4 Ne7 25. Ng3 Nc6 26. Ne2 Ke7 27. Kg2 Kd7 28. Nh4 Ne7 29. f4 Rxc1 30. Rxc1 Rc8 31. Rxc8 Kxc8 32. f5 exf5 33. gxf5 Ng8 34. Nf3 Kd7 35. Nf4 Kc6 36.
Nh5 Bf8 37. Kf2 Nc3 38. Ke1 Kb5 39. Kd2 Ne4+ 40. Kc2 Ne7 41. f6 gxf6 42. exf6 Ng8 43. Ne5 Ngxf6 44. Nxf6 Nxf6 45. Nxf7 h5 46. Bg5 Ne4 47.
Bf4 Bg7 48. Be5 Bf8 49. Nd8 Nf2 50. Ne6 Be7 51. Nf4 h4 52. Nxd5 Bg5 53. Nc3+ Kc6 54. d5+ Kd7 55. Nb5 Nxh3 56. Bc7 Bf4 57. Bxa5 Nf2 58.
Nd4 h3 59. Nf3 Ng4 60. Bb6 Kd6 61. Kd3 Ne5+ 62. Nxe5 h2 63. Nc4+ Kd7 64. Ke4 Bd6 65. Nxd6 Kxd6 66. Kd4 h1=Q 67. Kc4 Qxd5+ 0-1

[Event "Early-Titled-Tuesday-Blitz-October-24-2023"]
[Site "Chess.com"]
[Date "2023.10.24"]
[Round "5"]
[White "attack2mateU"]
[Black "shimastream"]
[Result "0-1"]
[WhiteElo "2722"]
[BlackElo "2981"]
[TimeControl "180+1"]
[EndTime "8:56:05 PDT"]
[Termination "shimastream won by resignation"]

1. e4 e5 2. Nf3 Nc6 3. Bc4 Bc5 4. c3 Nf6 5. d3 d6 6. O-O a6 7. Re1 h6 8. a4 O-O 9. h3 a5 10. Nbd2 Be6 11. b3 Ba7 12. Nf1 Re8 13. Ng3 Ne7 14. d4 Bxc4 15. bxc4 Ng6 16. Rb1 Rb8 17. Qc2 Nd7 18. Be3 Ndf8 19. c5 Ne6 20.
Nf5 exd4 21. cxd4 d5 22. e5 Qd7 23. Nh2 Ng5 24. Ng4 Ne4 25. Bxh6 Qxf5 26. f3 Ng3 27. Qf2 Nh5 28. Qd2 b6 29. Bxg7 Kxg7 30. Qh6+ Kg8 31.
Ne3 Qf4 32. Qxh5 Qxd4 33. Kh1 Qh4 34. Qxh4 Nxh4 35. c6 Rxe5 36. f4 Re4 37. Nxd5 Rxe1+ 38. Rxe1 b5 39. axb5 Rxb5 40. Nxc7 Rc5 41. Re8+ Kg7 42. Re7 Rc1+ 43. Kh2 Bf2 44. Ne8+ Kf8 45. Re2 Rxc6 46.
Rxf2 Kxe8 47. Ra2 Ra6 48. Kg3 Nf5+ 49. Kg4 Nd6 50. Ra4 Nb7 51. h4 Nc5 52. Rc4 Nd7 53. Ra4 Nb6 54. Ra3 a4 55. h5 Kf8 56. h6 Nc4 57. Rh3 Kg8 58. h7+ Kh8 59. Rc3 Nd6 60. Ra3 Kxh7 0-1

[Event "Early-Titled-Tuesday-Blitz-October-24-2023"]
[Site "Chess.com"]
[Date "2023.10.24"]
[Round "5"]
[White "Aleksandar-Topalov"]
[Black "cristiano78"]
[Result "1/2-1/2"]
[WhiteElo "2398"]
[BlackElo "2250"]
[TimeControl "180+1"]
[EndTime "8:56:07 PDT"]
[Termination "Game drawn - insufficient material"]

1. b3 Nf6 2. Bb2 g6 3. Bxf6 exf6 4. c4 Bg7 5. Nc3 O-O 6. e3 f5 7. Nge2 d6 8. g3 Nc6 9. d4 Bd7 10. Bg2 h5 11. O-O h4 12. Rb1 a5 13. a3 hxg3 14. hxg3 b6 15. b4 axb4 16. axb4 Ra7 17. Nf4 Ne7 18. Nb5 Ra2 19. Ra1 Rxa1 20. Qxa1 g5 21. Nd3 Nc8 22. Qa8 Bxb5 23. cxb5 Ne7 24. Qxd8 Rxd8 25. Rc1 Rd7 26. Ra1 Kh7 27. Ra8 Ng8 28.
g4 fxg4 29. Be4+ Kh8 30. Bf5 Re7 31. Bxg4 Bf6 32. Kg2 Kg7 33. Nc1 Bxd4 34. exd4 Re4 35. Bf3 Rxd4 36. Rc8 Rxb4 37. Rxc7 Rxb5 38. Ne2 Rc5 39.
Rb7 Rb5 40. Nd4 Rb2 41. Nf5+ Kf6 42. Nxd6 Nh6 43. Nc4 Rb4 44. Rxb6+ Rxb6 45. Nxb6 Ke5 46. Nd7+ Kf4 47. Nf6 g4 48. Bc6 Kg5 49. Ne4+ Kf4 50. Ng3 f5 51. Bd7 Kg5 52. Ne2 f4 53. f3 gxf3+ 54. Kxf3 Ng8 55. Nxf4 Nf6 56. Be6 Kh6 57. Nd3 Kg7 58. Kf4 Kf8 59. Kf5 Ke7 60. Ne5 Ne8 61. Ng6+ Kd6 62. Bf7 Nc7 63. Kf6 Nd5+ 64. Kf5 Ne7+ 65.
Nxe7 Kxe7 1/2-1/2

[Event "Early-Titled-Tuesday-Blitz-October-24-2023"]
[Site "Chess.com"]
[Date "2023.10.24"]
[Round "5"]
[White "abhidabhi"]
[Black "Jospem"]
[Result "1/2-1/2"]
[WhiteElo "2900"]
[BlackElo "3135"]
[TimeControl "180+1"]
[EndTime "8:56:08 PDT"]
[Termination "Game drawn - insufficient material"]

1. e4 c5 2. Nf3 d6 3. d4 cxd4 4. Nxd4 a6 5. Nc3 e6 6. Be3 b5 7. Qd2 Nf6 8. f3 Nbd7 9. O-O-O h5 10. Kb1 Bb7 11. h3 Be7 12. Be2 h4 13. Bg5 b4 14.
Na4 Qa5 15. Bxf6 Nxf6 16. b3 d5 17. e5 Nd7 18. f4 g6 19. c4 bxc3 20. Qxc3 Bb4 21.
Qb2 O-O 22. Bg4 Rfe8 23. Rhf1 Nb6 24. Nxb6 Qxb6 25. f5 exf5 26. Nxf5 gxf5 27. Rxf5 d4 28. Rxd4 Rad8 29. e6 Rxd4 30. exf7+ Kf8 31. fxe8=Q+ Kxe8 32. Re5+ Kd8 33. Qe2 Qc6 34. Re6 Qe4+ 35. Rxe4 Bxe4+ 36. Kb2 Rd2+ 37. Qxd2+ Bxd2 38. Bf3 Bd3 39. a3 Kc7 40.
b4 Kd6 41. Kb3 Ke5 42. a4 Kf4 43. Bb7 Kg3 44. a5 Be1 45. Ka4 Bb5+ 46. Ka3 Bf1 47.
Ka4 Bd2 48. Ka3 Bxg2 49. Bxa6 Kxh3 50. Bc8+ Kg3 51. Ka4 Be4 52. a6 Be3 53. Ka5 Bd4 54. b5 Bd5 55. b6 Bc3+ 56. Kb5 Bd4 57. a7 Bxb6 58. Kxb6 h3 59. Bb7 Bxb7 60. Kxb7 h2 61. a8=Q h1=Q+ 62. Kb8 Qxa8+ 63. Kxa8 1/2-1/2

[Event "Early-Titled-Tuesday-Blitz-October-24-2023"]
[Site "Chess.com"]
[Date "2023.10.24"]
[Round "5"]
[White "Legendinunknown"]
[Black "ProfessorChess101"]
[Result "1-0"]
[WhiteElo "2794"]
[BlackElo "2540"]
[TimeControl "180+1"]
[EndTime "8:56:09 PDT"]
[Termination "Legendinunknown won by resignation"]

1. d4 Nf6 2. c4 e6 3. Nc3 d5 4.
cxd5 exd5 5. Bg5 c6 6. e3 Be7 7. Bd3 Nbd7 8. Nge2 Nf8 9. Qc2 Ne6 10. Bh4 g6 11. Nf4 Nxf4 12. exf4 Nh5 13. Bg3 Ng7 14. f3 Bf6 15. Bf2 Qe7+ 16. Ne2 Bf5 17. O-O-O O-O-O 18.
g4 Bxd3 19. Rxd3 Bh4 20. Re3 Qf6 21. g5 Qd6 22. Bxh4 Nf5 23. Bf2 Nxe3 24. Bxe3 Rhe8 25. Bf2 Qe6 26. Ng3 Qh3 27. Be1 Re3 28. Qf2 Rde8 29.
Bd2 R3e7 30. Re1 Rxe1+ 31. Bxe1 h5 32. Bc3 h4 33. Ne2 Qf5 34. Kd2 Qb1 35. Nc1 b5 36.
a3 a5 37. Nd3 Qh1 38. Ne5 h3 39. Bxa5 Qg2 40. Ke3 Qh1 41. Kd2 Kb7 42. Bb4 Qg2 43. Ke2 Qh1 44. Be1 Re6 45. Qg3 Qg2+ 46. Qxg2 hxg2 47.
Kf2 f6 48. gxf6 Rxf6 49. Bd2 Kb6 50. b4 Rf5 51. Kxg2 Kc7 52. Kg3 Rf6 53. h4 Kd6 54.
Kg4 Ke6 55. Kg5 Rf8 56. Nxg6 Rf5+ 57. Kg4 Rf7 58. h5 Ra7 59. f5+ Kf6 60. Bg5+ Kg7 61. h6+ Kh7 62. Nf8+ Kg8 63. h7+ Kg7 64. Bf6+ 1-0

[Event "Early-Titled-Tuesday-Blitz-October-24-2023"]
[Site "Chess.com"]
[Date "2023.10.24"]
[Round "5"]
[White "vasblesk"]
[Black "JuniorJumper"]
[Result "1/2-1/2"]
[WhiteElo "2753"]
[BlackElo "2615"]
[TimeControl "180+1"]
[EndTime "8:56:09 PDT"]
[Termination "Game drawn by repetition"]

1. Nf3 d5 2. g3 Bg4 3. Bg2 e6 4. O-O Nd7 5. c4 c6 6. d4 Ngf6 7. Qc2 Bd6 8. Bg5 h6 9. Bxf6 Nxf6 10. Nbd2 O-O 11. e4 dxe4 12. Nxe4 Bf5 13. Nxf6+ Qxf6 14. Qb3 Be4 15. Qe3 Bxf3 16. Bxf3 e5 17. d5 c5 18. Be4 Qg5 19. Qxg5 hxg5 20. g4 a5 21. Rfe1 g6 22. Bc2 Kg7 23. Re3 Rh8 24. Kg2 f6 25. Rb3 Rhb8 26.
Rb6 Ra6 27. Rb5 b6 28. Rd1 Ra7 29. Rd3 Rd7 30. Rf3 Rdd8 31. h3 Rd7 32. Kf1 Rdd8 33. Ke2 Re8 34. Be4 Red8 35. Kd3 Rd7 36. Kc2 Re7 37. Kb3 Rd7 38. Ka4 Re7 39. Rbb3 Rf7 40. Kb5 Rc7 41. Ra3 Ra8 42. Ra4 Raa7 43. a3 Rab7 44.
Bc2 Ra7 45. b3 Rab7 46. Re3 Ra7 47. Re2 Rab7 48. Be4 Ra7 49. Ra2 Rab7 50. b4 Rb8 51. Rb2 Ra8 52. bxa5 bxa5 53. Rb1 Rb8+ 54. Ka6 Ra8+ 55. Kb6 Rb8+ 56. Ka6 Ra8+ 57. Kb6 Rb8+ 58. Ka6 1/2-1/2

[Event "Early-Titled-Tuesday-Blitz-October-24-2023"]
[Site "Chess.com"]
[Date "2023.10.24"]
[Round "5"]
[White "zverr1"]
[Black "Rodalquilar"]
[Result "0-1"]
[WhiteElo "2508"]
[BlackElo "2750"]
[TimeControl "180+1"]
[EndTime "8:56:09 PDT"]
[Termination "Rodalquilar won by resignation"]

1. e4 d5 2. exd5 Qxd5 3. Nc3 Qa5 4. d4 Nf6 5. Nf3 Bf5 6. Ne5 c6 7. Bf4 Nbd7 8. Nc4 Qd8 9. Bd3 Bxd3 10. Qxd3 Nb6 11. O-O-O e6 12. f3 Nxc4 13. Qxc4 Bd6 14.
Bg5 Qc7 15. Kb1 O-O-O 16. g3 h6 17. Bxf6 gxf6 18. Ne4 Be7 19. Nc5 Rd5 20. Nd3 Rhd8 21. Nf4 Rb5 22. Ka1 Qb6 23. Qc3 Bb4 24. Qc4 Be7 25. Qc3 Rb4 26. Ne2 Ra4 27. Rd3 Qa6 28. a3 b5 29. Nc1 b4 30. Qd2 h5 31. Rd1 Rd5 32. Re3 Bc5 33. Qd3 Rxd4 34. Qxa6+ Rxa6 35. Rxd4 Bxd4 36. Rd3 Rxa3+ 37. Rxa3 bxa3 38. c3 axb2+ 39. Kxb2 Bg1 40. h3 Bf2 41. g4 h4 42. Nd3 Bg3 43. Nc5 Kc7 44. Kc2 Kd6 45. Ne4+ Ke7 46. Kd3 a5 47.
Kc4 Bd6 48. Kb3 Bc7 49. Ka4 Bb6 50. c4 f5 51. Nc3 fxg4 52. fxg4 f5 53. gxf5 exf5 54.
c5 Bxc5 55. Kxa5 f4 56. Ne4 f3 57. Nxc5 f2 58. Kb6 f1=Q 59. Kxc6 Qxh3 60. Kd5 Qf5+ 61. Kd4 Qxc5+ 62. Kxc5 h3 0-1

[Event "Early-Titled-Tuesday-Blitz-October-24-2023"]
[Site "Chess.com"]
[Date "2023.10.24"]
[Round "5"]
[White "rdarruda"]
[Black "Fandorine"]
[Result "1-0"]
[WhiteElo "2530"]
[BlackElo "2903"]
[TimeControl "180+1"]
[EndTime "8:56:11 PDT"]
[Termination "rdarruda won by resignation"]

1. d4 Nf6 2. Nf3 g6 3. Nc3 Bg7 4. e4 d5 5. exd5 Nxd5 6. Bc4 Nb6 7. Bb3 O-O 8. O-O Bg4 9. Be3 Nc6 10. h3 Bxf3 11. Qxf3 Bxd4 12. Rad1 e5 13. Nb5 Qh4 14. Nxc7 Rad8 15. Nb5 Bxe3 16. fxe3 Rxd1 17. Rxd1 Kg7 18.
Nd6 Qe7 19. a3 f5 20. Nc4 Nxc4 21. Bxc4 e4 22. Qf4 Rd8 23. Rxd8 Qxd8 24. c3 h5 25. h4 Qe7 26. g3 Ne5 27. Be2 b6 28.
Qf2 Kf6 29. Qf4 Ke6 30. Qh6 Qd8 31. Qh7 Qd2 32. Qg8+ Kf6 33. Qh8+ Ke6 34. Qg8+ Ke7 35. Qg7+ Nf7 36. Kf2 Qd6 37. Qg8 Kf6 38. Qe8 Ne5 39. Qh8+ Ke7 40. Qg7+ Kd8 41. Qg8+ Kc7 42. Qg7+ Kb8 43.
Qg8+ Kb7 44. Qg7+ Qc7 45. Qf6 a6 46. Qe6 Ka7 47. Qf6 b5 48. Qe6 Kb7 49. Qf6 Qc5 50. a4 bxa4 51. Qxa6+ Kc7 52. Qxa4 Qb6 53. Qd4 Qxd4 54.
exd4 Ng4+ 55. Bxg4 hxg4 56. c4 Kd6 57. b4 Ke7 58. b5 g5 59. h5 f4 60. b6 Kd7 61. h6 e3+ 62. Ke2 fxg3 63. Kxe3 1-0

[Event "Early-Titled-Tuesday-Blitz-October-24-2023"]
[Site "Chess.com"]
[Date "2023.10.24"]
[Round "5"]
[White "CSB7"]
[Black "dapsay"]
[Result "1/2-1/2"]
[WhiteElo "2707"]
[BlackElo "2407"]
[TimeControl "180+1"]
[EndTime "8:56:15 PDT"]
[Termination "Game drawn - insufficient material"]

1. Nf3 d5 2. c4 c6 3. e3 Nf6 4. Nc3 e6 5. Qc2 a5 6. b3 Na6 7. a3 Nc5 8. Bb2 a4 9. b4 Nb3 10. Rd1 dxc4 11. Bxc4 b5 12. Bxb3 axb3 13. Qxb3 Be7 14.
d4 Qb6 15. O-O O-O 16. Ne5 Bb7 17. Qc2 Rfc8 18. Ne2 Qd8 19. Nf4 Nd5 20. Nfd3 Rc7 21. Nc5 Bc8 22. Qe2 Bd6 23. e4 Nb6 24. f4 Qe8 25.
Qh5 Qe7 26. Rd3 f6 27. Rh3 h6 28. Ng6 Qf7 29. Rff3 Bxc5 30. bxc5 Nc4 31. Bc1 f5 32. e5 Bd7 33. Rfg3 Be8 34. Qe2 Kh7 35. Nh4 Rd7 36.
Nf3 Kh8 37. Ng5 Qe7 38. Nf3 Kh7 39. Rh4 Rxd4 40. Rgh3 Rd5 41. g4 fxg4 42. Ng5+ Kg8 43. Qxg4 Qxc5+ 44. Kh1 Rd7 45. Nxe6 Qd5+ 46. Kg1 Qd1+ 47.
Qxd1 Rxd1+ 48. Kf2 Rxc1 49. Rg3 Rc2+ 50. Ke1 Ra7 51.
Rxh6 g6 52. Nd4 Rb2 53. f5 Rxa3 54. Rxa3 Nxa3 55. fxg6 Kg7 56. Nf5+ Kg8 57. g7 Rg2 58.
Rh8+ Kf7 59. Rf8+ Ke6 60. Rxe8+ Kxf5 61. g8=Q Rxg8 62. Rxg8 b4 63. Kd2 c5 64. h4 c4 65. h5 c3+ 66. Kc1 b3 67. Rb8 b2+ 68.
Rxb2 cxb2+ 69. Kxb2 Nc4+ 70. Kc3 Nxe5 71. h6 Kg6 72. h7 Kxh7 1/2-1/2

[Event "Early-Titled-Tuesday-Blitz-October-24-2023"]
[Site "Chess.com"]
[Date "2023.10.24"]
[Round "5"]
[White "ShahxaibKhan"]
[Black "BeautiFullMindChess"]
[Result "1-0"]
[WhiteElo "2412"]
[BlackElo "2256"]
[TimeControl "180+1"]
[EndTime "8:56:15 PDT"]
[Termination "ShahxaibKhan won on time"]

1. e4 d5 2. exd5 Qxd5 3. Nc3 Qa5 4. Bc4 Nf6 5. d3 Nc6 6. Bb5 Bd7 7. Nf3 O-O-O 8.
O-O h6 9. Qe2 a6 10. Bxc6 Bxc6 11. Ne5 Be8 12. Bd2 e6 13. a4 Bb4 14. Kh1 Nd7 15. Nc4 Qf5 16. a5 Nf6 17. h3 Kb8 18.
Ne5 Bd6 19. f4 Qh5 20. Rf3 Nd7 21. d4 Nf6 22. g4 Nxg4 23. Nxg4 Bc6 24. Kg2 g5 25. Ne4 Bxe4 26. Qxe4 f5 27. Qxe6 fxg4 28. Qxg4 Qg6 29. f5 Qf6 30. c3 h5 31. Qe4 g4 32.
Rff1 gxh3+ 33. Kxh3 Rde8 34. Qf3 Rhg8 35. Rae1 Rxe1 36. Bxe1 Rg4 37. Qe2 Qg5 38. Qe8+ Ka7 39.
Qe2 h4 40. Qf3 Rg3+ 41. Bxg3 hxg3 42. Kg2 Qd2+ 43. Kh3 Qh6+ 44. Kg4 Qg7+ 45. Kh3 Qh6+ 46. Kg4 Qg7+ 47. Kh4 g2 48. Qf2 gxf1=Q 49. Qxf1 Qg3+ 50. Kh5 Qh2+ 51. Kg6 Qg3+ 52. Kf7 Qg5 53. f6 Qd5+ 54. Kg7 Qh5 55. Kg8 Qg5+ 56. Kf7 c6 57. Qf3 Qh6 58.
Ke6 Bf8 59. Qf5 1-0

[Event "Early-Titled-Tuesday-Blitz-October-24-2023"]
[Site "Chess.com"]
[Date "2023.10.24"]
[Round "5"]
[White "xxysoul6"]
[Black "Cayse"]
[Result "1/2-1/2"]
[WhiteElo "3003"]
[BlackElo "2876"]
[TimeControl "180+1"]
[EndTime "8:56:18 PDT"]
[Termination "Game drawn - insufficient material"]

1. d4 d5 2. c4 e6 3. Nc3 Nf6 4. cxd5 exd5 5. Bg5 c6 6. e3 Be7 7. Bd3 Nbd7 8. h3 O-O 9. Qc2 Re8 10. Bf4 Nf8 11.
Nf3 g6 12. O-O Ne6 13. Bh2 Ng7 14. Rab1 a5 15. Na4 Bf5 16. Nd2 Bxd3 17. Qxd3 b5 18. Nc3 a4 19. Rbc1 Ne6 20. a3 Nd7 21. e4 Nb6 22.
exd5 Nxd5 23. Nde4 b4 24. axb4 Nxb4 25. Qb1 Nxd4 26.
Rcd1 c5 27. Rfe1 Ra6 28. Be5 Bf8 29. Bf6 Qa8 30. Bxd4 cxd4 31. Rxd4 f5 32. Ng5 Rxe1+ 33. Qxe1 h6 34. Nb5 hxg5 35. Nc7 Qc6 36. Nxa6 Nc2 37. Nb8 Qb6 38. Qe8 Nxd4 39. Qxf8+ Kxf8 40. Nd7+ Ke7 41. Nxb6 Kd6 42. Nxa4 Kd5 43. f3 Kc4 44. Kf2 Kb3 45.
Nc5+ Kxb2 46. Nd3+ Kc3 47. Ne5 f4 48. Nxg6 Ne6 49. g3 Kd4 50. gxf4 gxf4 51. h4 Kd5 52. h5 Kd6 53. h6 Ng5 54. Nxf4 Ke5 55. Kg3 Kf5 56. Nh3 Nf7 57. Nf4 Nxh6 58. Ne2 Nf7 59.
f4 Kf6 60. Kf3 Nd6 61. Ng3 Nf5 62. Kf2 Nxg3 63. f5 Kxf5 1/2-1/2

[Event "Early-Titled-Tuesday-Blitz-October-24-2023"]
[Site "Chess.com"]
[Date "2023.10.24"]
[Round "5"]
[White "GAusal"]
[Black "FoxOnTheRun97"]
[Result "0-1"]
[WhiteElo "2296"]
[BlackElo "2546"]
[TimeControl "180+1"]
[EndTime "8:56:23 PDT"]
[Termination "FoxOnTheRun97 won on time"]

1. d4 Nf6 2. Nf3 e6 3. c4 d5 4. Nc3 c5 5. Bg5 cxd4 6. Nxd4 Nc6 7. cxd5 exd5 8. e3 Be7 9. Bb5 Qd6 10. O-O O-O 11. a3 a6 12. Bf4 Qd7 13. Be2 Bd6 14. Bxd6 Qxd6 15. Bf3 Ne5 16. Rc1 Nxf3+ 17. Nxf3 Bg4 18. h3 Bh5 19. Qd4 Bxf3 20. gxf3 Rfd8 21. f4 Qe6 22. Kh2 Rac8 23. Rg1 Rc4 24. Qd3 d4 25. Ne2 Rxc1 26. Rxc1 Qb6 27. Nxd4 Qxb2 28. Rc2 Qb6 29. Qc4 Nd5 30. Qc5 Qf6 31. Qc4 h5 32. Qe2 Nxf4 33. Qf3 Ne6 34. Qxf6 gxf6 35. Nf5 Rd3 36. Ne7+ Kg7 37. Nf5+ Kg6 38. Rb2 Kxf5 39. Rxb7 Rxa3 40. Rxf7 Ra2 41. Kg2 Ng5 42. Ra7 Ne4 43. h4 Rxf2+ 44. Kh3 Ra2 45. Rf7 Nf2+ 46. Kg3 Ng4 47. Rh7 Kg6 48. Ra7 Ra3 49. Kf3 Rxe3+ 50.
Kf4 Re6 51. Kf3 Rb6 52. Kf4 Rb4+ 53. Kf3 Ra4 54. Kg3 Kf5 55. Rh7 Ra3+ 56. Kg2 Ne3+ 57. Kf3 Nd5+ 58. Ke2 Nf4+ 59. Kd2 a5 60. Ra7 a4 61.
Rb7 Rb3 62. Ra7 a3 63. Kc2 Rh3 64. Ra6 a2 65. Ra5+ Kg4 66. Ra6 Rh2+ 67. Kb3 f5 68.
Ra7 Nd3 0-1